[Event "22nd ECCC Women 2017"]
[Site "Antalya"]
[Date "2017.10.13"]
[Round "5"]
[White "Dragomirescu, Angela"]
[Black "Neuhauser, Salome"]
[Result "1-0"]
[ECO "A63"]
[WhiteElo "2231"]
[BlackElo "2140"]
[Annotator "ChessBase"]
[PlyCount "115"]
[EventType "team-tourn"]
[EventCountry "TUR"]
[SourceTitle "playchess.com"]
[Source "ChessBase"]
[SourceQuality "1"]
[WhiteTeam "Timisoara"]
[BlackTeam "Mulhouse Philidor"]
[TimeControl "40/5400+30:1800+30"]

1. d4 Nf6 2. c4 c5 3. d5 e6 4. Nc3 exd5 5. cxd5 d6 6. Nf3 g6 7. g3 Bg7 8. Bg2 O-O 9. O-O Re8 10. Re1 a6 11. a4 Nbd7 12. e4 Qc7 13. h3 Rb8 14. Bf1 h6 15. Bf4 Nh5 16. Be3 Ne5 17. Nxe5 Rxe5 18. g4 Nf6 19. Bf4 Qe7 20. Bxe5 Qxe5 21. Qd2 Bxg4 22. hxg4 Nxg4 23. Bg2 Qh2+ 24. Kf1 Bd4 25. Nd1 Qh5 26. Ra3 Re8 27. Rh3 Nh2+ 28. Rxh2 Qxh2 29. Qd3 Qf4 30. Qf3 Qd2 31. Qe2 Qg5 32. Ne3 h5 33. Nc4 Qf4 34. Qf3 Qh2 35. Qg3 Qxg3 36. fxg3 b5 37. axb5 axb5 38. Nxd6 Rb8 39. e5 Kf8 40. b3 Ke7 41. Ne4 Bxe5 42. Nxc5 Kd6 43. Rxe5 Kxc5 44. Re7 Rf8 45. Rc7+ Kd6 46. Rc6+ Kd7 47. Rb6 f5 48. Rxg6 f4 49. Kf2 fxg3+ 50. Kxg3 h4+ 51. Kxh4 Rf4+ 52. Rg4 Rf2 53. Kg3 Rc2 54. Rb4 Rc5 55. Kf4 Kd6 56. Be4 Ke7 57. Ke5 Kd7 58. Bd3 1-0

[Event "22nd ECCC Women 2017"]
[Site "Antalya"]
[Date "2017.10.13"]
[Round "5"]
[White "Choisy, Mathilde"]
[Black "Cosma, Elena-Luminita"]
[Result "1/2-1/2"]
[ECO "C11"]
[WhiteElo "2162"]
[BlackElo "2333"]
[Annotator "ChessBase"]
[PlyCount "60"]
[EventType "team-tourn"]
[EventCountry "TUR"]
[SourceTitle "playchess.com"]
[Source "ChessBase"]
[SourceQuality "1"]
[WhiteTeam "Mulhouse Philidor"]
[BlackTeam "Timisoara"]
[TimeControl "40/5400+30:1800+30"]

1. e4 e6 2. d4 d5 3. Nc3 Nf6 4. e5 Nfd7 5. f4 c5 6. Nf3 Nc6 7. Be3 cxd4 8. Nxd4 Bc5 9. Qd2 O-O 10. O-O-O a6 11. Qf2 Nxd4 12. Bxd4 Bxd4 13. Qxd4 f6 14. exf6 Qxf6 15. g3 Qxd4 16. Rxd4 Nf6 17. Bg2 Bd7 18. Re1 Rae8 19. Rd2 Bc6 20. Bh3 Ne4 21. Nxe4 dxe4 22. Bg2 e5 23. f5 Rxf5 24. Bxe4 Bxe4 25. Rxe4 Rf1+ 26. Rd1 Rf2 27. Rd2 Rf1+ 28. Rd1 Rf2 29. Rd2 Rf1+ 30. Rd1 Rf2 1/2-1/2

[Event "22nd ECCC Women 2017"]
[Site "Antalya"]
[Date "2017.10.12"]
[Round "5"]
[White "Ozbay, Ece"]
[Black "Kovanova, Baira"]
[Result "0-1"]
[ECO "C95"]
[WhiteElo "1998"]
[BlackElo "2371"]
[Annotator "NA"]
[PlyCount "112"]
[EventType "team-tourn"]
[EventCountry "TUR"]
[SourceTitle "playchess.com"]
[Source "ChessBase"]
[SourceQuality "1"]
[WhiteTeam "Marmara"]
[BlackTeam "UGRA"]
[TimeControl "40/5400+30:1800+30"]

1. e4 e5 2. Nf3 Nc6 3. Bb5 a6 4. Ba4 Nf6 5. O-O Be7 6. Re1 b5 7. Bb3 d6 8. c3 O-O 9. h3 {[%emt 0:00:00] LiveBook: 19285 Games} Nb8 10. d4 Nbd7 11. Nbd2 Bb7 12. Bc2 Re8 13. Nf1 Bf8 14. Ng3 g6 15. b3 c5 16. d5 Qc7 17. Be3 c4 18. b4 a5 19. a3 h6 20. Qd2 Kh7 21. Nf1 Ra6 22. Reb1 Rea8 23. Qd1 Nb6 24. N1d2 Nfd7 $2 (24... Nfxd5 $17 25. exd5 Nxd5) 25. g4 Bg7 26. g5 h5 27. h4 Bc8 28. Kh2 axb4 29. axb4 Qa7 30. Rxa6 Qxa6 31. Rb2 Nf8 32. Bb1 Na4 33. Ra2 Qb7 34. Qc2 Qd7 35. Qc1 Qh3+ 36. Kg1 Qg4+ 37. Kf1 Ra6 38. Ra3 Nd7 39. Ke2 Ndb6 40. Qg1 Qd7 41. Bc2 Qb7 42. Qa1 Qa8 43. Qc1 Bg4 44. Ke1 Nxc3 ({Besser ist} 44... Qc8 $11) 45. Rxc3 Ra1 46. Bb1 Na4 47. Ke2 Nxc3+ 48. Qxc3 Ra3 49. Qc2 c3 50. Nf1 Qc8 51. Ba2 (51. N1h2 $142 Qc4+ 52. Kd1) 51... Bxf3+ 52. Ke1 Bxe4 53. Qxe4 Rxa2 54. Bc1 Qf5 55. Qxf5 $19 gxf5 56. Ne3 Kg6 0-1

[Event "22nd ECCC Women 2017"]
[Site "Antalya"]
[Date "2017.10.13"]
[Round "5"]
[White "Sade, Defne"]
[Black "Ovechkin, Lilia"]
[Result "1-0"]
[ECO "B27"]
[WhiteElo "1951"]
[BlackElo "1779"]
[Annotator "NA"]
[PlyCount "49"]
[EventType "team-tourn"]
[EventCountry "TUR"]
[SourceTitle "playchess.com"]
[Source "ChessBase"]
[SourceQuality "1"]
[WhiteTeam "Aegean"]
[BlackTeam "Beer Sheva"]
[TimeControl "40/5400+30:1800+30"]

1. e4 g6 2. d4 Bg7 3. Nc3 c5 4. Nf3 Nc6 5. d5 Ne5 6. Nxe5 Bxe5 7. f4 Bg7 8. Be2 d6 9. O-O Bd7 10. Kh1 a6 11. a4 Qc7 12. Bc4 e6 13. dxe6 Bxe6 14. Bxe6 fxe6 15. f5 Qd7 16. fxe6 Qxe6 17. Qd5 Qxd5 18. Nxd5 O-O-O 19. Bg5 Re8 20. Rf7 h6 21. Bh4 g5 22. Rxg7 gxh4 23. Rf1 Kd8 24. Rff7 Rxe4 25. Rd7+ 1-0

[Event "22nd ECCC Women 2017"]
[Site "Antalya"]
[Date "2017.10.12"]
[Round "5"]
[White "Ayan, Bengu Sena"]
[Black "Klinova, Masha"]
[Result "0-1"]
[ECO "E60"]
[WhiteElo "1888"]
[BlackElo "2289"]
[Annotator "NA"]
[PlyCount "72"]
[EventType "team-tourn"]
[EventCountry "TUR"]
[SourceTitle "playchess.com"]
[Source "ChessBase"]
[SourceQuality "1"]
[WhiteTeam "Aegean"]
[BlackTeam "Beer Sheva"]
[TimeControl "40/5400+30:1800+30"]

1. d4 d6 2. Nf3 Nf6 3. g3 g6 4. Bg2 Bg7 5. O-O O-O 6. c4 c6 7. b3 Bf5 8. Bb2 {[%emt 0:00:30] E60: King's Indian: Unusual lines and Fianchetto Variation without Nc3} d5 (8... a5 9. Nc3 Ne4 10. Nh4 Nxc3 11. Bxc3 Bc8 12. Qd2 d5 13. Nf3 Nd7 14. cxd5 cxd5 15. Ne5 Nf6 {1-0 (52) Dubov,D (2648)-Rakhmanov,A (2662) Sochi 2016}) 9. cxd5 $146 ({Predecessor:} 9. Nc3 Ne4 10. Nxe4 Bxe4 11. Qd2 a5 12. Rfc1 Nd7 13. cxd5 cxd5 14. Qf4 a4 15. Qc7 {½-½ (57) Vykouk,J (2431)-Morozov,N (2458) Rymanow Zdroj 2017}) 9... cxd5 10. Nc3 Ne4 11. Nh4 Nxc3 12. Bxc3 Be6 13. Rc1 Nc6 14. Qd2 Qd7 15. Rfd1 Rac8 16. e4 Rcd8 17. e5 f6 18. exf6 Bxf6 19. Nf3 Bg4 20. Qe3 Qf5 21. Rd3 Bxf3 $11 22. Qxf3 Qxf3 23. Bxf3 Bxd4 24. Bxd4 Nxd4 25. Rxd4 Rxf3 26. Rc7 Rf7 27. Rxb7 e5 28. Rdb4 Rdd7 29. Rb8+ Kg7 30. Re8 e4 31. Kf1 Rc7 32. Rd4 Rc2 33. f4 exf3 34. Rxd5 Rxh2 35. Red8 f2 36. Rd1 Rh1+ 0-1

[Event "22nd ECCC Women 2017"]
[Site "Antalya"]
[Date "2017.10.12"]
[Round "5"]
[White "Brusilovski, Lena"]
[Black "Celik, Eda"]
[Result "1-0"]
[ECO "C55"]
[WhiteElo "1881"]
[BlackElo "1880"]
[Annotator "NA"]
[PlyCount "99"]
[EventType "team-tourn"]
[EventCountry "TUR"]
[SourceTitle "playchess.com"]
[Source "ChessBase"]
[SourceQuality "1"]
[WhiteTeam "Beer Sheva"]
[BlackTeam "Aegean"]
[TimeControl "40/5400+30:1800+30"]

1. e4 e5 2. Nf3 Nc6 3. Bc4 Nf6 4. d3 h6 5. O-O d6 6. c3 g6 7. Bb3 Bg7 8. Re1 O-O 9. Nbd2 Na5 10. Bc2 c5 11. Nf1 Nc6 12. h3 Be6 13. Ng3 d5 14. Qe2 d4 15. Bd2 b5 16. a4 a6 17. Nh2 Nd7 18. c4 bxc4 19. dxc4 Rb8 20. b3 Nb4 21. Bc1 f5 22. exf5 gxf5 23. Nh5 e4 24. Nxg7 Kxg7 25. Bb1 Qf6 26. Bb2 Ne5 27. Ng4 fxg4 28. Qxe4 Bf5 29. Qxe5 Qxe5 30. Rxe5 Bxb1 31. Rxb1 Nd3 32. Re2 Rxb3 33. Bxd4+ cxd4 34. Rxb3 Nc1 35. Rb7+ Kf6 36. Rc2 Nd3 37. Rd2 Nc5 38. Rb6+ Ke5 39. hxg4 Ne4 40. Rd1 Rxf2 41. Rxh6 Ra2 42. Rxa6 Nc3 43. Re1+ Kf4 44. Rd6 Kg3 45. Kh1 Rxg2 46. Rg1 Rxg1+ 47. Kxg1 Ne2+ 48. Kf1 Kf3 49. Rf6+ Ke3 50. Re6+ 1-0

[Event "22nd ECCC Women 2017"]
[Site "Antalya"]
[Date "2017.10.12"]
[Round "5"]
[White "Ince, Safiye Oyku"]
[Black "Yildiz, Betul Cemre"]
[Result "0-1"]
[ECO "C45"]
[WhiteElo "1861"]
[BlackElo "2350"]
[Annotator "NA"]
[PlyCount "86"]
[EventType "team-tourn"]
[EventCountry "TUR"]
[SourceTitle "playchess.com"]
[Source "ChessBase"]
[SourceQuality "1"]
[WhiteTeam "Mediterranean"]
[BlackTeam "Anatolia"]
[TimeControl "40/5400+30:1800+30"]

1. e4 e5 2. Nf3 Nc6 3. d4 exd4 4. Nxd4 Bb4+ 5. Nc3 {[%emt 0:02:30] C45: Schottische Partie} (5. c3 Be7 6. Nxc6 bxc6 7. Bd3 d6 8. O-O Nf6 9. Re1 O-O 10. Nd2 Re8 11. Nf3 Nd7 12. Bf4 Nc5 13. Bc2 Bg4 14. h3 Bh5 15. Be3 Nd7 16. Ba4 c5 {0-1 (29) So,W (2810)-Carlsen,M (2822) Saint Louis 2017}) 5... Qe7 6. Qd3 Nf6 7. Bd2 Bxc3 $146 ({Vorgänger:} 7... Nxd4 8. Qxd4 O-O 9. Bd3 Bc5 10. Qc4 Ng4 11. O-O Qh4 12. Bf4 Bxf2+ 13. Kh1 Nxh2 14. Qxc7 Nxf1+ 15. Bh2 Ng3+ {0-1 (15) Waclawski,K (1551)-Vogel,J (1951) Koblenz 2003}) 8. Bxc3 Qxe4+ 9. Qxe4+ Nxe4 10. Nxc6 Nxc3 11. Nxa7 Rxa7 12. bxc3 Ra5 13. Bd3 d6 14. Kd2 O-O 15. Rhb1 b6 16. Bc4 d5 17. Bd3 Be6 18. Rb5 Ra3 19. Rb3 Rfa8 20. Rb2 Kf8 21. Be2 Ke7 22. Bf3 R8a4 23. Rb4 $17 Rxb4 24. cxb4 d4 25. Be2 Kd6 26. b5 Rxa2 27. Rc1 Kc5 28. Bd3 h6 29. Re1 Ra8 30. Re5+ Kd6 31. Re4 Kd5 32. Rh4 Rd8 33. Rh5+ Kd6 34. f4 f6 35. f5 Bd5 36. Rh4 Kc5 37. Rg4 Rd7 38. c3 Bc4 39. Bxc4 Kxc4 40. Kc2 Kxb5 41. cxd4 Kc4 42. Rg3 Re7 43. Rg4 h5 0-1

[Event "22nd ECCC Women 2017"]
[Site "Antalya"]
[Date "2017.10.12"]
[Round "5"]
[White "Ozbek, Busra"]
[Black "Arda, Cagil Irmak"]
[Result "1/2-1/2"]
[ECO "D02"]
[WhiteElo "1850"]
[BlackElo "2040"]
[Annotator "NA"]
[PlyCount "121"]
[EventType "team-tourn"]
[EventCountry "TUR"]
[SourceTitle "playchess.com"]
[Source "ChessBase"]
[SourceQuality "1"]
[WhiteTeam "Mediterranean"]
[BlackTeam "Anatolia"]
[TimeControl "40/5400+30:1800+30"]

1. d4 c6 2. Nf3 Nf6 3. Bf4 d5 4. e3 Bg4 5. c3 e6 6. Qb3 Qb6 7. Nbd2 Nbd7 8. Be2 Be7 9. h3 Bh5 10. O-O h6 11. Rfe1 Bg6 12. Ne5 Nxe5 13. Bxe5 O-O 14. a4 Nd7 15. Bg3 Rfc8 16. a5 Qxb3 17. Nxb3 $11 Bc2 18. Nd2 c5 19. a6 b6 20. Bb5 Nf6 21. Rac1 Bg6 22. Bh2 Bd8 23. Kh1 Kf8 24. Nf3 Ne4 25. Bd7 Nxf2+ 26. Kg1 Nd3 27. Bxc8 Rxc8 28. Ne5 Nxc1 29. Nxg6+ fxg6 30. Rxc1 cxd4 31. exd4 Bf6 32. Bd6+ Ke8 33. Re1 Kd7 34. Bg3 Re8 35. Kf2 Kc6 36. Ke2 Kb5 37. Ra1 e5 38. Kd3 e4+ 39. Ke2 Rc8 40. Bf4 Rf8 41. Bd6 Rc8 42. Bf4 Bh4 43. Be5 Rf8 44. g3 Bf6 45. Ke3 Bxe5 46. dxe5 Rf3+ 47. Ke2 Kc6 48. Rd1 Rf5 49. e6 Kd6 50. g4 Rg5 51. Rf1 Kxe6 52. Rf8 d4 53. cxd4 Ra5 54. Ke3 Rxa6 55. Kxe4 Ra5 56. Re8+ Kf7 57. Rb8 Ke6 58. Re8+ Kf7 59. Rb8 Ke6 60. Re8+ Kf7 61. Rb8 1/2-1/2

[Event "22nd ECCC Women 2017"]
[Site "Antalya"]
[Date "2017.10.13"]
[Round "6"]
[White "Hojjatova, Aydan"]
[Black "Kovanova, Baira"]
[Result "1-0"]
[ECO "C54"]
[WhiteElo "2341"]
[BlackElo "2371"]
[Annotator "RC"]
[PlyCount "111"]
[EventType "team-tourn"]
[EventCountry "TUR"]
[SourceTitle "playchess.com"]
[Source "ChessBase"]
[SourceQuality "1"]
[WhiteTeam "Odlar Yurdu"]
[BlackTeam "UGRA"]
[TimeControl "40/5400+30:1800+30"]

1. e4 e5 2. Nf3 Nc6 3. Bc4 Bc5 4. O-O Nf6 5. d3 d6 6. c3 a6 7. a4 Ba7 8. Na3 Ne7 9. Nc2 c6 10. Be3 Bxe3 11. Nxe3 O-O 12. Re1 Ng6 13. Qc2 d5 14. Bb3 h6 15. Rad1 Be6 16. d4 Nxe4 17. c4 exd4 18. Rxd4 Nf6 19. cxd5 cxd5 20. Qd3 Qb6 21. h4 Rad8 22. g3 Ne7 23. Ne5 Nc6 24. Nxc6 bxc6 25. Bc2 g6 26. b4 Ne4 27. Kg2 a5 28. b5 h5 29. bxc6 Qxc6 30. f3 Nf6 31. Rf4 Nd7 32. g4 Ne5 33. Qd4 Nc4 34. Bd3 Qb6 35. Qxb6 Nxb6 36. gxh5 d4 37. Nc2 gxh5 38. Kf2 Nxa4 39. Rg1+ Bg4 40. fxg4 Nc5 41. gxh5+ Kh8 42. Ke2 Rd6 43. Rg5 Nb3 44. Kd1 a4 45. Na3 Re6 46. Nc4 a3 47. Nxa3 Re3 48. Bc4 f6 49. Rgf5 Na1 50. Nb5 Rfe8 51. Rxf6 Nb3 52. Nd6 Re1+ 53. Kc2 d3+ 54. Kxd3 R8e3+ 55. Kc2 Na1+ 56. Kb2 1-0

[Event "22nd ECCC Women 2017"]
[Site "Antalya"]
[Date "2017.10.14"]
[Round "6"]
[White "Zaiatz, Elena"]
[Black "Isgandarova, Khayala"]
[Result "1-0"]
[ECO "E73"]
[WhiteElo "2334"]
[BlackElo "2242"]
[Annotator "ChessBase"]
[PlyCount "47"]
[EventType "team-tourn"]
[EventCountry "TUR"]
[SourceTitle "playchess.com"]
[Source "ChessBase"]
[SourceQuality "1"]
[WhiteTeam "Bossa Nova"]
[BlackTeam "Anatolia"]
[TimeControl "40/5400+30:1800+30"]

1. d4 Nf6 2. c4 g6 3. Nc3 Bg7 4. e4 d6 5. Be2 O-O 6. Be3 e5 7. d5 a5 8. g4 Na6 9. g5 Ne8 10. h4 f5 11. gxf6 Nxf6 12. h5 Nc5 13. hxg6 hxg6 14. Bf3 Nh7 15. Qd2 Bf6 16. Nh3 Bh4 17. Be2 Nf6 18. Bxc5 dxc5 19. Qh6 Ne8 20. O-O-O Bxh3 21. Rdg1 Ra6 22. Rxh3 Rf4 23. Bg4 Bg5 24. Qh8+ 1-0

[Event "22nd ECCC Women 2017"]
[Site "Antalya"]
[Date "2017.10.13"]
[Round "6"]
[White "Cosma, Elena-Luminita"]
[Black "Celik, Eda"]
[Result "1-0"]
[ECO "E05"]
[WhiteElo "2333"]
[BlackElo "1880"]
[Annotator "NA"]
[PlyCount "85"]
[EventType "team-tourn"]
[EventCountry "TUR"]
[SourceTitle "playchess.com"]
[Source "ChessBase"]
[SourceQuality "1"]
[WhiteTeam "Timisoara"]
[BlackTeam "Aegean"]
[TimeControl "40/5400+30:1800+30"]

1. Nf3 d5 2. d4 Nf6 3. g3 e6 4. Bg2 Be7 $11 {[%emt 0:00:00] LiveBook: 1350 Games} 5. O-O O-O 6. c4 dxc4 7. Qc2 a6 8. a4 Bd7 9. Qxc4 Bc6 10. Bg5 Nbd7 11. Nc3 Nb6 12. Qd3 h6 13. Bxf6 Bxf6 14. e4 Nd7 15. Rfd1 b6 16. h4 Bb7 17. Qc2 Be7 18. e5 Ra7 19. d5 exd5 20. Nxd5 Re8 21. Qf5 g6 22. Qg4 Bc8 23. e6 h5 24. exf7+ Kxf7 25. Qc4 Kg7 26. Nf4 Bd6 27. Ne6+ Rxe6 28. Qxe6 Nf6 29. Qc4 Bb7 30. Ng5 Qg8 31. Qxg8+ Kxg8 32. Bxb7 Rxb7 33. Rac1 Rb8 34. Rc6 Be5 35. b3 Re8 36. Re1 Bd6 37. Rxe8+ Nxe8 38. Ne4 Be5 39. a5 Kf7 40. axb6 cxb6 41. Rxb6 a5 42. Ra6 Bc7 43. Ng5+ 1-0

[Event "22nd ECCC Women 2017"]
[Site "Antalya"]
[Date "2017.10.13"]
[Round "6"]
[White "Okuyaz, Duru"]
[Black "Kaplan, Ebru"]
[Result "1-0"]
[ECO "B75"]
[WhiteElo "2233"]
[BlackElo "2001"]
[Annotator "NA"]
[PlyCount "101"]
[EventType "team-tourn"]
[EventCountry "TUR"]
[SourceTitle "playchess.com"]
[Source "ChessBase"]
[SourceQuality "1"]
[WhiteTeam "Marmara"]
[BlackTeam "Mediterranean"]
[TimeControl "40/5400+30:1800+30"]

1. e4 c5 2. Nf3 d6 3. d4 Nf6 4. Nc3 cxd4 5. Nxd4 g6 6. Be3 Bg7 7. f3 a6 8. Qd2 Nbd7 9. g4 b5 10. Nc6 Qc7 11. Nxe7 Bb7 12. g5 Ne5 13. Be2 Kxe7 14. gxf6+ Bxf6 15. O-O-O Rhd8 16. Nd5+ $11 (16. h4 $16) 16... Bxd5 17. Qxd5 Rac8 18. Rd2 Nc4 19. Bxc4 bxc4 20. c3 Rb8 21. Bg5 Rb5 22. Bxf6+ Kxf6 23. e5+ Ke7 24. exd6+ Rxd6 25. Re1+ Re6 26. Rxe6+ fxe6 27. Qd4 Kf7 28. Qh8 Qf4 29. Qxh7+ Kf6 30. Qh8+ Kf7 31. Qd4 Rf5 32. Qxf4 Rxf4 33. Rf2 Kf6 34. Kd2 Kf5 35. b3 g5 36. b4 Rh4 37. Ke3 e5 38. a4 Ke6 39. b5 axb5 40. axb5 Kd5 41. Rb2 Rh7 42. b6 Rb7 43. Rb4 Kd6 44. Ke4 Ke6 45. Rb5 Kd6 46. Kf5 Kc6 47. Rb4 Kd5 48. Kxg5 e4 49. fxe4+ Kxe4 50. Rxc4+ Kd3 51. Rc6 1-0

[Event "22nd ECCC Women 2017"]
[Site "Antalya"]
[Date "2017.10.13"]
[Round "6"]
[White "Hereklioglu, Sude"]
[Black "Can, Isil"]
[Result "1-0"]
[ECO "D00"]
[WhiteElo "2165"]
[BlackElo "1791"]
[Annotator "NA"]
[PlyCount "69"]
[EventType "team-tourn"]
[EventCountry "TUR"]
[SourceTitle "playchess.com"]
[Source "ChessBase"]
[SourceQuality "1"]
[WhiteTeam "Marmara"]
[BlackTeam "Mediterranean"]
[TimeControl "40/5400+30:1800+30"]

1. d4 d5 2. Bg5 Nf6 3. Nd2 c6 4. c3 Bf5 5. Ngf3 Nbd7 6. Nh4 e6 7. Nxf5 exf5 8. g3 g6 9. Bg2 Bg7 10. O-O Qb6 11. Qc2 Ne4 12. Bxe4 fxe4 13. Nxe4 O-O 14. Nd2 h6 15. Bf4 g5 16. Bd6 Rfe8 17. e3 Re6 18. Ba3 Qd8 19. Rae1 b5 20. e4 a5 21. exd5 cxd5 22. Qb3 Rb8 23. Rxe6 fxe6 24. Bd6 Rb6 25. Qa3 Ra6 26. Bc5 Rc6 27. Re1 Nxc5 28. dxc5 e5 29. b4 a4 30. Qc1 Qf8 31. Qd1 e4 32. Nxe4 Re6 33. Qxd5 Qf7 34. c6 Bxc3 35. c7 1-0

[Event "22nd ECCC Women 2017"]
[Site "Antalya"]
[Date "2017.10.13"]
[Round "6"]
[White "Arda, Cagil Irmak"]
[Black "Stetsko, Lanita"]
[Result "1-0"]
[ECO "C48"]
[WhiteElo "2040"]
[BlackElo "2254"]
[Annotator "NA"]
[PlyCount "87"]
[EventType "team-tourn"]
[EventCountry "TUR"]
[SourceTitle "playchess.com"]
[Source "ChessBase"]
[SourceQuality "1"]
[WhiteTeam "Anatolia"]
[BlackTeam "Bossa Nova"]
[TimeControl "40/5400+30:1800+30"]

1. e4 e5 2. Nf3 Nc6 3. Nc3 Nf6 4. Bb5 Bd6 5. a3 a6 6. Ba4 h6 7. d3 b5 8. Bb3 Bc5 9. Be3 Ba7 10. O-O d6 11. h3 O-O 12. a4 b4 13. Nd5 Be6 14. Qd2 Bxd5 15. exd5 Ne7 16. Bxa7 $11 Rxa7 17. Qxb4 Nfxd5 18. Qh4 Nf4 19. g3 Nfg6 20. Qh5 Rb7 21. Rae1 Qd7 22. d4 exd4 23. Nxd4 c5 24. Ne6 Rfb8 25. Nf4 Nxf4 26. Qxf7+ Kh8 27. Qxf4 d5 28. Rd1 Qc6 29. Rfe1 Rd8 30. Qf7 Qd7 31. Re5 Nc6 32. Qxd7 Rdxd7 33. Rexd5 Rxd5 34. Rxd5 c4 35. Bxc4 Rxb2 36. Bxa6 Rxc2 37. Bb5 Nb4 38. Rd4 Rb2 39. a5 Nc2 40. Rd8+ Kh7 41. Bd3+ g6 42. Rd7+ Kg8 43. Bxc2 Rxc2 44. a6 1-0

[Event "22nd ECCC Women 2017"]
[Site "Antalya"]
[Date "2017.10.13"]
[Round "6"]
[White "Ayan, Bengu Sena"]
[Black "Sandu, Mihaela"]
[Result "0-1"]
[ECO "E81"]
[WhiteElo "1888"]
[BlackElo "2278"]
[Annotator "NA"]
[PlyCount "74"]
[EventType "team-tourn"]
[EventCountry "TUR"]
[SourceTitle "playchess.com"]
[Source "ChessBase"]
[SourceQuality "1"]
[WhiteTeam "Aegean"]
[BlackTeam "Timisoara"]
[TimeControl "40/5400+30:1800+30"]

1. d4 Nf6 2. c4 g6 3. f3 Bg7 4. e4 d6 {[%emt 0:00:00] LiveBook: 759 Games} 5. Nc3 $14 O-O 6. Nge2 Nbd7 7. Ng3 c6 8. Be3 e5 9. d5 cxd5 10. cxd5 a6 11. Be2 h5 12. O-O h4 13. Nh1 Nh5 14. Qd2 Nf4 15. Nf2 Qg5 16. Bxf4 Qxf4 17. Qc2 Bh6 18. Rad1 Qe3 19. Rd3 Qc5 20. Kh1 b5 21. Ng4 Bg5 22. a3 Nb6 23. b3 Bd7 24. Qb2 Rac8 25. f4 exf4 26. b4 Qc7 27. e5 Nc4 28. Qa1 Bxg4 29. Bxg4 Nxe5 30. Bxc8 Nxd3 31. Ne4 Rxc8 32. Nxg5 Qe7 33. Qd1 Qe3 34. Qa1 Nf2+ 35. Rxf2 Rc1+ 36. Rf1 Rxa1 37. Rxa1 Qe5 0-1

[Event "22nd ECCC Women 2017"]
[Site "Antalya"]
[Date "2017.10.13"]
[Round "6"]
[White "Ince, Safiye Oyku"]
[Black "Caglar, Sila"]
[Result "0-1"]
[ECO "B50"]
[WhiteElo "1861"]
[BlackElo "2153"]
[Annotator "NA"]
[PlyCount "68"]
[EventType "team-tourn"]
[EventCountry "TUR"]
[SourceTitle "playchess.com"]
[Source "ChessBase"]
[SourceQuality "1"]
[WhiteTeam "Mediterranean"]
[BlackTeam "Marmara"]
[TimeControl "40/5400+30:1800+30"]

1. e4 c5 2. Nf3 d6 3. c3 Nf6 4. Bc4 e6 5. Qe2 Be7 6. O-O O-O {[%emt 0:00:00] LiveBook: 22 Games} 7. Bb3 {[%emt 0:00:30] B50: Sicilian: 2...d6, Miscellaneous} b6 8. d3 Bb7 (8... Ba6 9. Nbd2 Nc6 10. Re1 Rc8 11. Nf1 Re8 12. h3 Ne5 13. Bc2 Ng6 {½-½ (13) Kritz,L (2604)-Corrales Jimenez,F (2629) Lubbock 2013}) 9. Nbd2 Nc6 10. d4 $146 ({Predecessor:} 10. Rd1 Qc7 11. Nf1 Rac8 12. Ng3 Ba6 13. Bf4 Ne5 14. Bc2 Ng6 15. Bd2 d5 16. c4 Nd7 17. Bc3 {½-½ (17) Manik,M (2495)-Bruned,Y (2316) Salou 2005}) 10... cxd4 11. cxd4 d5 12. e5 Nd7 13. Re1 Nb4 14. Nf1 Ba6 15. Qe3 Rc8 16. Bd2 Nd3 17. Reb1 f5 18. exf6 Rxf6 19. Bc3 Bd6 20. Ng3 Nf4 21. a4 Nf8 22. Ne5 N8g6 23. Nxg6 Rxg6 $19 24. Bd1 Qh4 25. Bf3 Rh6 26. h3 Nxh3+ 27. gxh3 Qxh3 28. Qxh6 Qxh6 29. Kg2 Rf8 30. Be1 Qf6 31. Bg4 Bxg3 32. Kxg3 Qf4+ 33. Kh3 Bf1+ 34. Kh4 Qh2+ 0-1

[Event "22nd ECCC Women 2017"]
[Site "Antalya"]
[Date "2017.10.13"]
[Round "6"]
[White "Ozbek, Busra"]
[Black "Ozbay, Ece"]
[Result "0-1"]
[ECO "B22"]
[WhiteElo "1850"]
[BlackElo "1998"]
[Annotator "NA"]
[PlyCount "124"]
[EventType "team-tourn"]
[EventCountry "TUR"]
[SourceTitle "playchess.com"]
[Source "ChessBase"]
[SourceQuality "1"]
[WhiteTeam "Mediterranean"]
[BlackTeam "Marmara"]
[TimeControl "40/5400+30:1800+30"]

1. e4 c5 2. c3 d5 3. exd5 Qxd5 4. d4 Nf6 5. Nf3 Nc6 6. Be3 cxd4 7. cxd4 e6 8. Nc3 Qd6 9. a3 Be7 10. Bd3 O-O 11. O-O b6 12. Qe2 Bb7 13. Rad1 Rad8 14. Rfe1 Rfe8 15. Bb1 Qb8 16. Bg5 g6 17. Ba2 Ng4 18. g3 Bxg5 19. Nxg5 Nf6 20. Qf3 h6 21. Qxf6 hxg5 22. d5 exd5 23. Rxe8+ Rxe8 24. Bxd5 Ne5 25. Bxb7 Qxb7 26. Rd5 Nc6 27. f3 g4 28. fxg4 Re6 29. Qf4 Qe7 30. Rd2 Rf6 31. Qe4 Qc5+ 32. Kg2 Re6 33. Qd5 Qe7 34. Qf3 Ne5 35. Qd1 Qb7+ 36. Nd5 Nc4 37. Kf2 Nxd2 38. Qxd2 Rd6 39. Ne7+ Qxe7 40. Qc2 Rf6+ 41. Kg2 Qb7+ 42. Kg1 Qf3 43. Qc4 Qf2+ 44. Kh1 Qf1+ 45. Qxf1 Rxf1+ 46. Kg2 Rb1 47. b4 Rb3 48. h4 Rxa3 49. h5 a5 50. bxa5 bxa5 51. hxg6 fxg6 52. g5 Rb3 53. Kh3 a4 54. Kh4 Rb1 55. g4 a3 56. Kg3 a2 57. Kf4 a1=Q 58. Ke4 Rb4+ 59. Kd5 Qa5+ 60. Ke6 Rb6+ 61. Ke7 Qa7+ 62. Ke8 Rb8# 0-1

[Event "22nd ECCC Women 2017"]
[Site "Antalya"]
[Date "2017.10.14"]
[Round "7"]
[White "Mammadova, Gulnar"]
[Black "Hereklioglu, Sude"]
[Result "1/2-1/2"]
[ECO "B42"]
[WhiteElo "2385"]
[BlackElo "2165"]
[Annotator "NA"]
[PlyCount "69"]
[EventType "team-tourn"]
[EventCountry "TUR"]
[SourceTitle "playchess.com"]
[Source "ChessBase"]
[SourceQuality "1"]
[WhiteTeam "Odlar Yurdu"]
[BlackTeam "Marmara"]
[TimeControl "40/5400+30:1800+30"]

1. e4 c5 2. Nf3 e6 3. b3 b6 4. c4 Bb7 5. Nc3 d6 6. d4 cxd4 7. Nxd4 Nf6 8. Bd3 Nbd7 9. Qe2 Be7 10. O-O O-O 11. Bb2 a6 12. Rfd1 Qc7 13. Rac1 Rac8 14. Bb1 Rfe8 15. Na4 Nc5 16. Nxc5 bxc5 17. Nf3 e5 18. Rc3 Nd7 19. Bc1 Nf8 20. h4 Ne6 21. h5 Qc6 22. Ne1 Bg5 23. Qg4 Bxc1 24. Rdxc1 Nf4 25. Re3 Rf8 26. Nf3 Rce8 27. Nh4 Bc8 28. Qf3 g5 29. Nf5 Bxf5 30. exf5 Qxf3 31. gxf3 Rb8 32. h6 f6 33. Kf1 Kf7 34. Rd1 Ke7 35. Be4 1/2-1/2

[Event "22nd ECCC Women 2017"]
[Site "Antalya"]
[Date "2017.10.16"]
[Round "7"]
[White "Savina, Anastasia"]
[Black "Ovechkin, Lilia"]
[Result "1-0"]
[ECO "D31"]
[WhiteElo "2350"]
[BlackElo "1779"]
[Annotator "ChessBase"]
[PlyCount "99"]
[EventType "team-tourn"]
[EventCountry "TUR"]
[SourceTitle "playchess.com"]
[Source "ChessBase"]
[SourceQuality "1"]
[WhiteTeam "Legacy Square Capital"]
[BlackTeam "Beer Sheva"]
[TimeControl "40/5400+30:1800+30"]

1. d4 d5 2. c4 e6 3. Nc3 Bd6 4. Nf3 c6 5. e4 dxe4 6. Nxe4 Bb4+ 7. Bd2 Bxd2+ 8. Qxd2 Nf6 9. Bd3 Nxe4 10. Bxe4 Nd7 11. Rd1 Nf6 12. Bb1 O-O 13. O-O b6 14. Qc2 Bb7 15. Rfe1 Qd6 16. Ne5 g6 17. c5 Qc7 18. Rd3 Nd7 19. h4 Rfd8 20. Ng4 Qf4 21. Rg3 Qxd4 22. h5 Qxc5 23. hxg6 hxg6 24. Nh6+ Kf8 25. Rf3 f5 26. Rxe6 Qxc2 27. Bxc2 Kg7 28. Rg3 Nf8 29. Nxf5+ Kf7 30. Re7+ Kf6 31. Rxb7 gxf5 32. Rgg7 Rd5 33. Rbf7+ Ke5 34. Rxf5+ Kd4 35. Rf6 Re8 36. Rg4+ Kc5 37. g3 Nd7 38. b4+ Kb5 39. a4+ Ka6 40. Rxc6 Ne5 41. Re4 Rd2 42. Rc7 b5 43. axb5+ Kb6 44. Rc5 Nf3+ 45. Kg2 Ne1+ 46. Kf1 Rf8 47. Kxe1 Rdxf2 48. Re6+ Kb7 49. Be4+ Kb8 50. Re7 1-0